 Dungeon Crawl Stone Soup version 0.28-a0-726-g4a9143789a (webtiles) character file.

Game seed: 12617536643351482636

157 cheechan the Chopper (level 5, -4/36 HPs)
             Began as an Octopode Fighter on Oct 27, 2021.
             Killed from afar by an orc wizard (11 damage)
             ... with a puff of flame
             ... on level 3 of the Dungeon.
             The game lasted 00:06:54 (2591 turns).

cheechan the Chopper (Octopode Fighter)             Turns: 2591, Time: 00:06:55

Health: -4/36      AC:  1    Str: 22    XL:     5   Next: 38%
Magic:  5/5        EV: 15    Int: 10    God:
Gold:   99         SH:  0    Dex: 12    Spells: 4/4 levels left

rFire   . . .      SeeInvis .   a - +1 war axe
rCold   . . .      Faith    .   l - +0 kite shield
rNeg    . . .      Spirit   .   (helmet restricted)
rPois   .          Reflect  .   (no amulet)
rElec   .          Harm     .   h - +6 ring of strength
rCorr   .          Rampage  .   m - +4 ring of evasion
Will    .....                   (no ring)
Stlth   ++........              (no ring)
HPRegen 0.12/turn               (no ring)
MPRegen 0.09/turn               (no ring)
                                (no ring)
                                (no ring)

@: confused, mighty
A: almost no armour, amphibious, 8 rings, camouflage 1, gelatinous body 1,
(nimble swimmer 1), tentacles
a: no special abilities


You were on level 3 of the Dungeon.
You visited 1 branch of the dungeon, and saw 3 of its levels.

You collected 99 gold pieces.

Inventory:

Hand Weapons
 a - a +1 war axe (weapon)
 g - a +0 long sword
Missiles
 d - 14 arrows
 e - 66 stones (quivered)
 f - 21 bolts
 j - 24 sling bullets
 n - 19 poisoned darts
Armour
 l - a +0 kite shield (worn)
Jewellery
 h - a +6 ring of strength (left tentacle)
 m - a +4 ring of evasion (right tentacle)
Scrolls
 b - a scroll of identify
 o - a scroll of teleportation {unknown}
Potions
 i - 4 potions of curing
 k - a potion of invisibility


   Skills:
 + Level 3.5 Fighting
 + Level 3.8 Axes
 + Level 3.4 Dodging
 + Level 2.4 Stealth
 + Level 3.5 Shields


You had 4 spell levels left.
You didn't know any spells.
Your spell library contained the following spells:

 Spells                   Type           Power      Damage    Failure   Level
 Ozocubu's Armour         Ice            0%         N/A       99%         3
 Ozocubu's Refrigeration  Ice            0%         4d5       100%        7


Dungeon Overview and Level Annotations

Branches:
Dungeon (3/15)

Altars:

Shops:
D:3 ?


Innate Abilities, Weirdness & Mutations

You cannot wear most types of armour.
You are amphibious.
You can wear up to eight rings at the same time.
Your skin changes colour to match your surroundings (Stealth+).
Your rubbery body absorbs attacks. (AC +1, EV +1)
((You are camouflaged near water. (Stealth+)))
You have tentacles for arms and can constrict up to eight enemies at once.


Message History

An adder comes into view.
The frilled lizard misses you.
You have reached level 5!
You feel agile.
You feel sick.
You feel sick. You block the orc's attack.
You hit the orc. You grab the orc. You squeeze the orc.
You kill the orc!
You miss the frilled lizard.
You feel sick. The adder misses you. You block the frilled lizard's attack.
You slash the adder! You grab the adder. You squeeze the adder.
You kill the adder!
You closely miss the frilled lizard.
You feel sick. You block the frilled lizard's attack.
The frilled lizard closely misses you. The orc hits you with a +0 hand axe.
You slice the orc!!
You kill the orc!
You miss the frilled lizard.
You feel sick.
You are no longer poisoned.
The frilled lizard bites you but does no damage.
You closely miss the orc wizard. Your grab misses the orc wizard.
You closely miss the frilled lizard. The frilled lizard bites you.
* * * LOW HITPOINT WARNING * * *
The orc wizard points at you and mumbles some strange words.
You are confused.
The frilled lizard closely misses you.
You barely miss the orc wizard.
You squeeze the orc wizard, but do no damage.
You closely miss the frilled lizard.
The orc wizard hits you with a +0 dagger.
* * * LOW HITPOINT WARNING * * *
The frilled lizard bites you.
* * * LOW HITPOINT WARNING * * *
The orc wizard completely misses you.
You slash the frilled lizard!
You kill the frilled lizard!
You barely miss the orc wizard.
The orc wizard points at you and mumbles some strange words.
The puff of flame hits you!
You die...

.>.#########.########.# #.# #..#
..... .# #.# #..# ###..#.# .# #.#
#..# ############ ##### #.# #..#
#......'..###...# #.# #.)#
#......#...#'.8.# #.# ...#####.#
#...†..##hJ.#...# #.#
.........#...###...'##w.#...###.#
##.####.## #@..#)###'.8.'...# #.#
#o..#..#.#...##..# #.#
..###+##).#...##..# #.# ....
#..##'.8.##... #.# .... ##.
##...#.... #.# #### ## #######.#
##.####.# #.# ........# ..#
##.###### ###


You could see an orc wizard.

Vanquished Creatures
  A scorpion (D:3)
  Jessica (D:2)
  2 adders
  3 orcs (D:3)
  4 ball pythons
  8 endoplasms
  2 giant cockroaches (D:2)
  A hobgoblin (D:1)
  2 kobolds
  2 quokkas
  6 bats
  14 frilled lizards
  6 goblins
  A rat (D:1)
53 creatures vanquished.

Vanquished Creatures (others)
  10 plants (D:1)
10 creatures vanquished.

Grand Total: 63 creatures vanquished

Notes
Turn   | Place    | Note
-------+----------+-------------------------------------------
     0 | D:1      | cheechan the Octopode Fighter began the quest for the Orb.
     0 | D:1      | Reached XP level 1. HP: 16/16 MP: 1/1
   461 | D:1      | Reached XP level 2. HP: 21/21 MP: 2/2
   680 | D:1      | Found a faded altar of an unknown god.
  1221 | D:2      | Noticed Jessica
  1230 | D:2      | Killed Jessica
  1231 | D:2      | Reached skill level 1 in Stealth
  1231 | D:2      | Reached XP level 3. HP: 26/26 MP: 3/3
  1630 | D:2      | Reached XP level 4. HP: 31/31 MP: 4/4
  2435 | D:3      | Found Qeddo's Magic Scroll Shop.
  2575 | D:3      | Noticed a scorpion
  2583 | D:3      | Killed a scorpion
  2584 | D:3      | Reached XP level 5. HP: 21/36 MP: 5/5
  2591 | D:3      | Killed from afar by an orc wizard

Illustrated notes

Levels and vault maps discovered:
D:1:      dpeg_arrival_leaves_temple_mockup, layout_basic,
          hellmonk_ecumenical_altar_pennies_from_heaven, minmay_lizard_king
D:2:      layout_basic, minmay_misc_feat_room, hangedman_decor_opposing,
          uniq_jessica, uniq_natasha
D:3:      minmay_chambers_of_threes, layout_loops_ring, serial_shops,
          nicolae_lakefront_shop

Skill      XL: |  1  2  3  4 |
---------------+-------------+-----
Stealth        | 1 2 |  2.4
Axes           | 3 |  3.8
Fighting       | |  3.5
Dodging        | |  3.4
Shields        | |  3.5

Action                   |  1- 3 |  4- 6 || total
-------------------------+-------+-------++-------
Melee: War axe           |    59 |    36 ||    95
       Constrict         |    13 |     5 ||    18
       Tentacles         |    11 |     7 ||    18
Throw: Stone             |     4 |       ||     4
  Use: Scroll            |     6 |     1 ||     7
       Potion            |       |     1 ||     1
 Stab: Sleeping          |     3 |     2 ||     5
Armor: Skin              |     2 |     4 ||     6
Dodge: Dodged            |    36 |    22 ||    58
Block: Buckler           |    11 |     2 ||    13
       Kite shield       |       |    13 ||    13

Table legend: (Time is in decaauts)
 A = Elapsed time spent in this place.
 B = Non-inter-level travel time spent in this place.
 C = Inter-level travel time spent in this place.
 D = Time resting spent in this place.
 E = Time spent auto-exploring this place.
 F = Levels seen in this place.
 G = Mean time per level.
                   A        B        C        D        E       F      G
               +--------+--------+--------+--------+--------+-----+--------+
         Total |   2631 |   2631 |      0 |    756 |      0 |   3 |  877.0 |
       Dungeon |   2631 |   2631 |      0 |    756 |      0 |   3 |  877.0 |
               +--------+--------+--------+--------+--------+-----+--------+

Top non-repeatable levels by time:
     D:1: 1197 daAuts
     D:2: 1092 daAuts
     D:3: 341 daAuts
